[ AOE2 MATCH · #466437585 ]
UnrankedJurchens vs Vikings
[ REPLAY ANALYSIS · EXTRACTED FROM THE RECORDED GAME ]
Feudal
11:16
Castle
15:17
Imperial
31:41
| APM avg | 21.0 |
| APM peak | 71 |
| eAPM avg | 13.2 |
| Villagers / military | 171 / 89 |
Focus
⚔️ 30.8% · 🌾 69.2%
Unknown (1908) ×129 · Scout Cavalry ×70 · Unknown (1911) ×38 · Iron Pagoda ×6 · Battering Ram ×6 · Trebuchet (Packed) ×5
Feudal
11:41
Castle
16:39
Imperial
30:41
| APM avg | 35.0 |
| APM peak | 80 |
| eAPM avg | 20.6 |
| Villagers / military | 161 / 447 |
Focus
⚔️ 37.9% · 🌾 62.1%
Hand Cannoneer ×236 · Spearman ×95 · Scout Cavalry ×81 · Bombard Cannon ×22 · Monk ×10 · Trade Cart ×6
Feudal
9:56
Castle
17:22
Imperial
33:14
| APM avg | 21.6 |
| APM peak | 51 |
| eAPM avg | 15.1 |
| Villagers / military | 192 / 310 |
Focus
⚔️ 30.7% · 🌾 69.3%
Spearman ×130 · Berserk ×100 · Militia ×62 · Trade Cart ×26 · Monk ×6 · Battering Ram ×6
Feudal
12:22
Castle
16:52
Imperial
29:22
| APM avg | 18.6 |
| APM peak | 59 |
| eAPM avg | 13.8 |
| Villagers / military | 114 / 275 |
Focus
⚔️ 25.8% · 🌾 74.2%
Scout Cavalry ×105 · Skirmisher ×66 · Archer ×43 · Camel Scout ×32 · Monk ×13 · Bombard Cannon ×8
Feudal
9:41
Castle
16:48
Imperial
32:06
| APM avg | 8.9 |
| APM peak | 42 |
| eAPM avg | 7.0 |
| Villagers / military | 127 / 23 |
Focus
⚔️ 18.5% · 🌾 81.5%
War Elephant ×19 · Trade Cart ×9 · Trebuchet (Packed) ×4
Feudal
13:07
Castle
17:27
Imperial
34:35
| APM avg | 16.1 |
| APM peak | 47 |
| eAPM avg | 10.5 |
| Villagers / military | 107 / 304 |
Focus
⚔️ 33.1% · 🌾 66.9%
Spearman ×170 · Chu Ko Nu ×110 · Trade Cart ×49 · Trebuchet (Packed) ×15 · Iron Pagoda ×7 · Monk ×2
Feudal
9:29
Castle
15:29
Imperial
34:36
| APM avg | 15.7 |
| APM peak | 48 |
| eAPM avg | 11.4 |
| Villagers / military | 60 / 129 |
Focus
⚔️ 40.6% · 🌾 59.4%
Skirmisher ×62 · Plumed Archer ×56 · Eagle Scout ×8 · Trade Cart ×5 · Monk ×2 · Trebuchet (Packed) ×1
Feudal
13:33
Castle
17:07
Imperial
27:20
| APM avg | 15.9 |
| APM peak | 60 |
| eAPM avg | 10.5 |
| Villagers / military | 118 / 232 |
Focus
⚔️ 20.8% · 🌾 79.2%
Ballista Elephant ×138 · Scorpion ×94
Match map
Initial resources + every placement click. Lines = walls · curves = elevation contours. ◆ gold · ⬟ stone · ● berries · ✦ relic · ◌ wall gap
Your base· ✓ Closed at 15:17 · 0t walls · 2 gate(s)
小岛's base· ✓ Closed at 16:39 · 0t walls · 3 gate(s)
Brunoapk's base· ✓ Closed at 17:22 · 0t walls · 3 gate(s)
patrick's base· ✓ Closed at 16:52 · 0t walls · 2 gate(s)
Michael Frederick's base· ✓ Closed at 16:48 · 0t walls · 3 gate(s)
Cruzcerro3's base· ✓ Closed at 17:27 · 0t walls · 3 gate(s)
Misaka Mikoto's base· ✓ Closed at 15:29 · 0t walls · 2 gate(s)
dionathasantoss's base· ✓ Closed at 17:07 · 0t walls · 3 gate(s)
Smoothed initial terrain · ◌ = detected wall gap · hover for details
Inputs per minute
— Wurzelsepp - - 小岛
Build order — Wurzelsepp
First 150 of 480 actions detected
| 0:02 | Create | Villager (Male) |
| 0:02 | Create | Villager (Male) |
| 0:02 | Create | Villager (Male) |
| 0:02 | Create | Villager (Male) |
| 0:03 | Create | Villager (Male) |
| 0:05 | Build | House |
| 0:06 | Build | House |
| 1:28 | Create | Villager (Male) |
| 1:28 | Create | Villager (Male) |
| 1:42 | Create | Villager (Male) |
| 1:42 | Create | Villager (Male) |
| 1:51 | Build | Lumber Camp |
| 2:15 | Create | Villager (Male) |
| 2:16 | Create | Villager (Male) |
| 2:37 | Create | Villager (Male) |
| 2:37 | Create | Villager (Male) |
| 3:07 | Create | Villager (Male) |
| 3:08 | Create | Villager (Male) |
| 3:32 | Build | Mill |
| 3:36 | Create | Villager (Male) |
| 4:00 | Build | House |
| 4:12 | Create | Villager (Male) |
| 4:13 | Create | Villager (Male) |
| 4:20 | Create | Villager (Male) |
| 4:20 | Create | Villager (Male) |
| 4:47 | Build | House |
| 4:53 | Create | Villager (Male) |
| 5:16 | Create | Villager (Male) |
| 5:16 | Create | Villager (Male) |
| 5:44 | Create | Villager (Male) |
| 6:07 | Create | Villager (Male) |
| 6:11 | Build | House |
| 6:43 | Create | Villager (Male) |
| 6:44 | Create | Villager (Male) |
| 6:50 | Build | Lumber Camp |
| 7:16 | Create | Villager (Male) |
| 8:13 | Build | Mill |
| 8:16 | Create | Villager (Male) |
| 8:17 | Create | Villager (Male) |
| 8:45 | Build | Mining Camp |
| 8:50 | Research | Feudal Age |
| 8:50 | Research | Feudal Age |
| 9:20 | Create | Villager (Male) |
| 9:20 | Create | Villager (Male) |
| 11:16 | Age | Feudal Age |
| 11:22 | Build | Market |
| 11:30 | Build | Blacksmith |
| 11:51 | Build | Mining Camp |
| 12:37 | Research | Castle Age |
| 12:37 | Research | Castle Age |
| 12:43 | Build | Farm |
| 12:50 | Build | Farm |
| 12:54 | Build | Farm |
| 12:56 | Build | Farm |
| 13:02 | Build | Farm |
| 13:18 | Research | Double-Bit Axe |
| 13:48 | Research | Horse Collar |
| 13:49 | Research | Horse Collar |
| 14:21 | Research | Loom |
| 14:22 | Create | Villager (Male) |
| 14:45 | Build | Farm |
| 15:17 | Age | Castle Age |
| 15:20 | Research | Bow Saw |
| 15:43 | Create | Villager (Male) |
| 16:01 | Build | Town Center |
| 16:11 | Build | Farm |
| 16:22 | Create | Villager (Male) |
| 16:27 | Build | House |
| 17:02 | Create | Villager (Male) |
| 17:02 | Create | Villager (Male) |
| 17:11 | Create | Villager (Male) |
| 17:29 | Build | Town Center |
| 17:35 | Build | Farm |
| 17:40 | Create | Villager (Male) |
| 17:40 | Create | Villager (Male) |
| 17:41 | Create | Villager (Male) |
| 17:41 | Create | Villager (Male) |
| 17:59 | Create | Villager (Male) |
| 18:14 | Create | Villager (Male) |
| 18:23 | Build | Farm |
| 18:24 | Create | Villager (Male) |
| 18:35 | Build | Farm |
| 18:50 | Create | Villager (Male) |
| 19:00 | Build | Farm |
| 19:02 | Create | Villager (Male) |
| 19:02 | Create | Villager (Male) |
| 19:07 | Build | Farm |
| 19:12 | Build | Farm |
| 19:19 | Create | Villager (Male) |
| 19:25 | Build | House |
| 19:33 | Build | House |
| 19:34 | Create | Villager (Male) |
| 19:43 | Build | Farm |
| 19:44 | Create | Villager (Male) |
| 19:45 | Create | Villager (Male) |
| 19:51 | Build | Farm |
| 19:56 | Create | Villager (Male) |
| 19:56 | Create | Villager (Male) |
| 20:06 | Build | Farm |
| 20:09 | Create | Villager (Male) |
| 20:09 | Create | Villager (Male) |
| 20:22 | Build | Town Center |
| 20:29 | Create | Villager (Male) |
| 20:29 | Create | Villager (Male) |
| 20:29 | Create | Villager (Male) |
| 20:41 | Build | Farm |
| 20:45 | Create | Villager (Male) |
| 20:46 | Create | Villager (Male) |
| 20:57 | Build | Farm |
| 20:59 | Create | Villager (Male) |
| 20:59 | Create | Villager (Male) |
| 21:02 | Build | Farm |
| 21:03 | Create | Villager (Male) |
| 21:03 | Create | Villager (Male) |
| 21:08 | Build | Farm |
| 21:18 | Build | Farm |
| 21:20 | Create | Villager (Male) |
| 21:20 | Create | Villager (Male) |
| 21:36 | Build | Castle |
| 21:40 | Create | Villager (Male) |
| 21:40 | Create | Villager (Male) |
| 21:41 | Create | Villager (Male) |
| 21:44 | Build | House |
| 21:46 | Build | House |
| 21:47 | Create | Villager (Male) |
| 21:56 | Build | Farm |
| 21:57 | Build | Farm |
| 21:57 | Build | Farm |
| 21:58 | Build | Farm |
| 22:00 | Create | Villager (Male) |
| 22:04 | Build | Farm |
| 22:06 | Build | Farm |
| 22:07 | Create | Villager (Male) |
| 22:08 | Create | Villager (Male) |
| 22:12 | Build | Lumber Camp |
| 22:17 | Create | Villager (Male) |
| 22:17 | Create | Villager (Male) |
| 22:25 | Create | Villager (Male) |
| 22:26 | Create | Villager (Male) |
| 22:26 | Create | Villager (Male) |
| 22:39 | Create | Villager (Male) |
| 22:39 | Create | Villager (Male) |
| 22:45 | Create | Villager (Male) |
| 22:45 | Create | Villager (Male) |
| 22:49 | Build | House |
| 22:56 | Build | Monastery |
| 22:57 | Create | Villager (Male) |
| 22:57 | Create | Villager (Male) |
| 23:07 | Create | Villager (Male) |
| 23:08 | Create | Villager (Male) |
Build order — 小岛
First 150 of 452 actions detected
| 0:05 | Create | Villager (Male) |
| 0:06 | Create | Villager (Male) |
| 0:06 | Create | Villager (Male) |
| 0:09 | Create | Villager (Male) |
| 0:16 | Build | House |
| 0:19 | Build | House |
| 1:38 | Create | Villager (Male) |
| 2:25 | Build | Lumber Camp |
| 2:30 | Create | Villager (Male) |
| 2:30 | Create | Villager (Male) |
| 2:31 | Create | Villager (Male) |
| 3:07 | Create | Villager (Male) |
| 3:36 | Create | Villager (Male) |
| 4:20 | Create | Villager (Male) |
| 4:20 | Create | Villager (Male) |
| 4:27 | Build | House |
| 4:50 | Build | Mill |
| 5:13 | Create | Villager (Male) |
| 5:13 | Create | Villager (Male) |
| 6:10 | Create | Villager (Male) |
| 6:12 | Create | Villager (Male) |
| 6:13 | Create | Villager (Male) |
| 6:53 | Build | House |
| 6:55 | Create | Villager (Male) |
| 7:04 | Create | Villager (Male) |
| 7:12 | Create | Villager (Male) |
| 7:47 | Create | Villager (Male) |
| 7:58 | Create | Villager (Male) |
| 8:03 | Create | Villager (Male) |
| 8:17 | Build | House |
| 8:44 | Create | Villager (Male) |
| 9:12 | Build | Farm |
| 9:24 | Build | Mining Camp |
| 9:26 | Create | Villager (Male) |
| 9:31 | Research | Feudal Age |
| 9:33 | Create | Villager (Male) |
| 9:34 | Create | Villager (Male) |
| 9:41 | Build | Farm |
| 9:48 | Build | Farm |
| 9:56 | Build | Farm |
| 10:01 | Build | Farm |
| 10:11 | Build | Farm |
| 10:15 | Create | Villager (Male) |
| 10:24 | Create | Villager (Male) |
| 10:31 | Create | Villager (Male) |
| 10:39 | Create | Villager (Male) |
| 10:53 | Create | Villager (Male) |
| 11:08 | Create | Villager (Male) |
| 11:41 | Age | Feudal Age |
| 11:45 | Build | Market |
| 11:53 | Build | Blacksmith |
| 11:55 | Create | Villager (Male) |
| 12:28 | Research | Double-Bit Axe |
| 12:39 | Build | Farm |
| 12:48 | Build | Farm |
| 12:48 | Build | Farm |
| 12:48 | Build | Farm |
| 12:48 | Build | Farm |
| 12:49 | Build | Farm |
| 12:57 | Create | Villager (Male) |
| 13:17 | Build | House |
| 13:19 | Create | Villager (Male) |
| 13:59 | Research | Castle Age |
| 14:02 | Build | Farm |
| 14:26 | Build | Lumber Camp |
| 14:58 | Research | Horse Collar |
| 14:59 | Create | Villager (Male) |
| 15:08 | Create | Villager (Male) |
| 16:39 | Age | Castle Age |
| 16:45 | Build | Monastery |
| 16:54 | Build | Town Center |
| 17:18 | Build | Town Center |
| 17:32 | Build | House |
| 17:34 | Build | House |
| 17:37 | Create | Villager (Male) |
| 17:38 | Create | Villager (Male) |
| 17:42 | Research | Wheelbarrow |
| 17:44 | Create | Villager (Male) |
| 17:59 | Create | Monk |
| 18:32 | Build | Barracks |
| 18:37 | Build | House |
| 18:41 | Create | Villager (Male) |
| 18:42 | Create | Villager (Male) |
| 18:45 | Create | Villager (Male) ×5 |
| 18:45 | Create | Villager (Male) ×5 |
| 18:46 | Create | Villager (Male) ×5 |
| 19:16 | Create | Villager (Male) |
| 19:19 | Build | Farm |
| 19:51 | Build | Stable |
| 20:36 | Build | House |
| 20:41 | Create | Villager (Male) |
| 20:41 | Create | Villager (Male) |
| 20:44 | Create | Villager (Male) ×4 |
| 20:44 | Create | Villager (Male) ×4 |
| 20:49 | Build | Farm |
| 20:50 | Build | Farm |
| 20:50 | Build | Farm |
| 20:50 | Build | Farm |
| 20:50 | Build | Farm |
| 20:51 | Build | Farm |
| 20:51 | Build | Farm |
| 20:56 | Build | Farm |
| 21:05 | Create | Scout Cavalry |
| 21:05 | Create | Scout Cavalry |
| 21:27 | Build | Farm |
| 21:27 | Build | Farm |
| 21:28 | Build | Farm |
| 21:28 | Build | Farm |
| 21:28 | Build | Farm |
| 21:28 | Build | Farm |
| 21:29 | Build | Farm |
| 21:29 | Build | Farm |
| 21:29 | Build | Farm |
| 21:29 | Build | Farm |
| 21:30 | Build | Farm |
| 21:34 | Create | Villager (Male) ×2 |
| 21:35 | Create | Villager (Male) ×2 |
| 21:42 | Create | Villager (Male) |
| 21:50 | Create | Monk |
| 21:53 | Build | House |
| 22:01 | Build | University |
| 22:23 | Build | Farm |
| 22:24 | Build | Farm |
| 22:24 | Build | Farm |
| 22:24 | Build | Farm |
| 22:24 | Build | Farm |
| 22:28 | Build | Farm |
| 22:31 | Create | Villager (Male) |
| 22:34 | Create | Villager (Male) ×4 |
| 22:34 | Create | Villager (Male) ×4 |
| 23:01 | Create | Scout Cavalry |
| 23:10 | Research | Loom |
| 23:11 | Create | Villager (Male) |
| 23:43 | Create | Villager (Male) |
| 23:48 | Build | Farm |
| 24:20 | Build | House |
| 24:31 | Create | Villager (Male) |
| 24:32 | Create | Villager (Male) |
| 24:35 | Create | Villager (Male) ×5 |
| 24:35 | Create | Villager (Male) ×5 |
| 24:35 | Create | Villager (Male) ×5 |
| 24:43 | Build | House |
| 24:45 | Build | House |
| 24:47 | Build | House |
| 24:49 | Build | House |
| 24:56 | Build | Farm |
| 24:57 | Build | Farm |
| 24:57 | Build | Farm |
| 24:57 | Build | Farm |
| 24:58 | Build | Farm |
Build order — Brunoapk
First 150 of 624 actions detected
| 0:02 | Create | Villager (Male) |
| 0:02 | Create | Villager (Male) |
| 0:03 | Build | House |
| 0:05 | Build | House |
| 0:32 | Create | Villager (Male) |
| 0:48 | Create | Villager (Male) |
| 1:44 | Create | Villager (Male) |
| 2:02 | Create | Villager (Male) |
| 2:15 | Build | Lumber Camp |
| 2:26 | Create | Villager (Male) |
| 2:45 | Create | Villager (Male) |
| 3:23 | Create | Villager (Male) |
| 3:27 | Build | House |
| 3:28 | Build | House |
| 3:45 | Create | Villager (Male) |
| 4:11 | Create | Villager (Male) |
| 4:23 | Create | Villager (Male) |
| 4:44 | Build | Mill |
| 5:15 | Create | Villager (Male) |
| 5:16 | Create | Villager (Male) |
| 5:57 | Create | Villager (Male) |
| 6:19 | Create | Villager (Male) |
| 6:56 | Create | Villager (Male) |
| 7:20 | Create | Villager (Male) |
| 7:45 | Research | Feudal Age |
| 8:57 | Build | Farm |
| 9:00 | Build | Farm |
| 9:04 | Build | Farm |
| 9:07 | Build | Farm |
| 9:28 | Build | Farm |
| 9:30 | Create | Villager (Male) |
| 9:31 | Create | Villager (Male) |
| 9:45 | Build | House |
| 9:46 | Build | House |
| 9:56 | Age | Feudal Age |
| 10:05 | Research | Double-Bit Axe |
| 10:07 | Research | Horse Collar |
| 10:23 | Create | Villager (Male) |
| 10:43 | Build | House |
| 10:49 | Build | Farm |
| 11:12 | Create | Villager (Male) |
| 11:20 | Build | Farm |
| 11:20 | Build | Farm |
| 11:22 | Create | Villager (Male) |
| 11:28 | Build | Farm |
| 11:36 | Build | Farm |
| 11:38 | Create | Villager (Male) |
| 12:04 | Build | Mining Camp |
| 12:05 | Create | Villager (Male) |
| 12:28 | Create | Villager (Male) |
| 12:36 | Build | Farm |
| 12:41 | Build | Farm |
| 12:58 | Create | Villager (Male) |
| 13:37 | Create | Villager (Male) |
| 13:49 | Build | Market |
| 13:57 | Create | Villager (Male) |
| 14:14 | Build | Blacksmith |
| 14:21 | Create | Villager (Male) |
| 14:42 | Research | Castle Age |
| 14:59 | Build | Farm |
| 15:04 | Build | Farm |
| 15:30 | Create | Villager (Male) |
| 15:30 | Create | Villager (Male) |
| 16:08 | Research | Gold Mining |
| 16:41 | Build | Barracks |
| 17:13 | Research | Stone Mining |
| 17:19 | Create | Villager (Male) |
| 17:22 | Age | Castle Age |
| 17:30 | Build | Town Center |
| 18:10 | Build | Town Center |
| 18:14 | Create | Villager (Male) |
| 18:44 | Create | Villager (Male) |
| 18:45 | Create | Villager (Male) |
| 18:59 | Build | House |
| 19:01 | Build | House |
| 19:02 | Build | House |
| 19:02 | Build | House |
| 19:09 | Build | House |
| 19:10 | Build | House |
| 19:11 | Build | House |
| 19:29 | Create | Villager (Male) |
| 19:30 | Create | Villager (Male) |
| 19:31 | Create | Villager (Male) |
| 19:32 | Create | Villager (Male) |
| 19:33 | Create | Villager (Male) |
| 19:35 | Create | Villager (Male) |
| 19:35 | Create | Villager (Male) |
| 19:43 | Research | Bow Saw |
| 19:46 | Research | Heavy Plow |
| 20:23 | Create | Villager (Male) |
| 20:24 | Create | Villager (Male) |
| 20:25 | Create | Villager (Male) |
| 20:27 | Create | Villager (Male) |
| 21:08 | Create | Villager (Male) |
| 21:09 | Create | Villager (Male) |
| 21:11 | Create | Villager (Male) |
| 21:12 | Create | Villager (Male) |
| 21:12 | Create | Villager (Male) |
| 21:13 | Create | Villager (Male) |
| 21:22 | Build | House |
| 21:23 | Build | House |
| 21:23 | Build | House |
| 21:26 | Build | House |
| 21:37 | Research | Gold Shaft Mining |
| 21:53 | Build | Town Center |
| 21:55 | Create | Villager (Male) |
| 21:55 | Create | Villager (Male) |
| 21:56 | Create | Villager (Male) |
| 22:00 | Build | Town Center |
| 22:01 | Create | Villager (Male) |
| 22:02 | Create | Villager (Male) |
| 22:03 | Create | Villager (Male) |
| 22:04 | Create | Villager (Male) |
| 22:10 | Research | Town Watch |
| 22:11 | Research | Loom |
| 22:31 | Build | House |
| 22:32 | Build | House |
| 22:53 | Build | Castle |
| 23:07 | Create | Villager (Male) |
| 23:08 | Create | Villager (Male) |
| 23:08 | Create | Villager (Male) |
| 23:09 | Create | Villager (Male) |
| 23:10 | Create | Villager (Male) |
| 23:11 | Create | Villager (Male) |
| 23:12 | Create | Villager (Male) |
| 23:13 | Create | Villager (Male) |
| 23:13 | Create | Villager (Male) |
| 23:14 | Create | Villager (Male) |
| 23:15 | Create | Villager (Male) |
| 23:20 | Build | Farm |
| 23:21 | Build | Farm |
| 23:22 | Build | Farm |
| 23:33 | Build | Farm |
| 23:33 | Build | Farm |
| 23:34 | Build | Farm |
| 23:35 | Build | Farm |
| 23:38 | Build | Farm |
| 23:39 | Build | Farm |
| 23:43 | Build | Farm |
| 23:43 | Build | Farm |
| 23:46 | Create | Villager (Male) |
| 23:47 | Create | Villager (Male) |
| 23:47 | Create | Villager (Male) |
| 23:49 | Create | Villager (Male) |
| 23:59 | Build | Barracks |
| 24:00 | Build | Barracks |
| 24:04 | Create | Villager (Male) |
| 24:05 | Create | Villager (Male) |
| 24:06 | Create | Villager (Male) |
| 24:16 | Build | Farm |
Build order — patrick
First 150 of 412 actions detected
| 0:03 | Build | House |
| 0:05 | Build | House |
| 0:05 | Create | Villager (Male) |
| 0:05 | Create | Villager (Male) |
| 0:06 | Create | Villager (Male) |
| 0:06 | Create | Villager (Male) |
| 1:28 | Create | Villager (Male) |
| 1:28 | Create | Villager (Male) |
| 1:28 | Create | Villager (Male) |
| 1:49 | Build | Lumber Camp |
| 2:01 | Create | Villager (Male) |
| 2:31 | Create | Villager (Male) |
| 2:55 | Create | Villager (Male) |
| 3:14 | Build | House |
| 3:32 | Create | Villager (Male) |
| 3:50 | Create | Villager (Male) |
| 3:50 | Create | Villager (Male) |
| 3:52 | Create | Villager (Male) |
| 3:53 | Create | Villager (Male) |
| 4:33 | Create | Villager (Male) |
| 5:12 | Create | Villager (Male) |
| 5:13 | Create | Villager (Male) |
| 5:13 | Create | Villager (Male) |
| 5:14 | Create | Villager (Male) |
| 5:17 | Build | House |
| 5:20 | Build | House |
| 6:02 | Create | Villager (Male) |
| 6:02 | Create | Villager (Male) |
| 6:18 | Build | Mill |
| 6:22 | Create | Villager (Male) |
| 6:25 | Create | Villager (Male) |
| 6:26 | Create | Villager (Male) |
| 7:53 | Create | Villager (Male) |
| 7:53 | Create | Villager (Male) |
| 7:59 | Build | Mill |
| 8:19 | Build | Farm |
| 9:07 | Create | Villager (Male) |
| 9:08 | Create | Villager (Male) |
| 9:33 | Build | Mining Camp |
| 9:46 | Research | Feudal Age |
| 9:53 | Build | House |
| 10:34 | Build | Farm |
| 10:37 | Build | Farm |
| 10:44 | Build | Farm |
| 12:07 | Build | Farm |
| 12:14 | Build | Mining Camp |
| 12:22 | Age | Feudal Age |
| 12:24 | Build | Market |
| 12:27 | Build | Blacksmith |
| 12:30 | Create | Villager (Male) |
| 12:46 | Create | Villager (Male) |
| 12:52 | Research | Double-Bit Axe |
| 13:09 | Build | Farm |
| 13:13 | Build | Farm |
| 13:32 | Create | Villager (Male) |
| 13:47 | Research | Stone Mining |
| 13:51 | Research | Gold Mining |
| 14:12 | Research | Castle Age |
| 14:20 | Build | House |
| 14:22 | Build | House |
| 14:24 | Build | House |
| 14:28 | Research | Horse Collar |
| 15:16 | Build | Farm |
| 15:45 | Build | House |
| 16:41 | Create | Villager (Male) |
| 16:41 | Create | Villager (Male) |
| 16:52 | Age | Castle Age |
| 16:53 | Build | Town Center |
| 17:46 | Build | Castle |
| 17:51 | Create | Villager (Male) |
| 17:52 | Create | Villager (Male) |
| 17:54 | Create | Villager (Male) |
| 17:54 | Create | Villager (Male) |
| 17:56 | Create | Villager (Male) |
| 17:57 | Create | Villager (Male) |
| 18:09 | Build | Town Center |
| 18:22 | Build | Farm |
| 18:25 | Create | Villager (Male) |
| 18:44 | Build | Monastery |
| 18:53 | Create | Villager (Male) |
| 18:53 | Create | Villager (Male) |
| 18:58 | Create | Villager (Male) |
| 18:58 | Create | Villager (Male) |
| 19:19 | Create | Monk |
| 19:25 | Build | Farm |
| 19:28 | Build | Farm |
| 19:35 | Create | Villager (Male) |
| 19:36 | Create | Villager (Male) |
| 19:41 | Build | Farm |
| 19:47 | Create | Villager (Male) |
| 19:47 | Create | Villager (Male) |
| 19:54 | Research | Bow Saw |
| 20:02 | Build | Farm |
| 20:05 | Create | Villager (Male) |
| 20:10 | Create | Villager (Male) |
| 20:13 | Create | Monk |
| 20:37 | Research | Gold Shaft Mining |
| 20:43 | Create | Villager (Male) |
| 20:44 | Create | Villager (Male) |
| 20:48 | Build | Farm |
| 20:57 | Create | Villager (Male) |
| 21:08 | Build | Farm |
| 21:11 | Create | Villager (Male) |
| 21:14 | Build | Farm |
| 21:17 | Build | Farm |
| 21:43 | Create | Villager (Male) |
| 21:47 | Build | Farm |
| 21:48 | Create | Villager (Male) |
| 21:48 | Create | Villager (Male) |
| 21:51 | Create | Villager (Male) |
| 21:51 | Create | Villager (Male) |
| 21:58 | Build | Barracks |
| 22:06 | Create | Villager (Male) |
| 22:12 | Build | Farm |
| 22:17 | Build | Farm |
| 22:23 | Build | Farm |
| 22:36 | Build | Mining Camp |
| 22:43 | Build | Farm |
| 22:46 | Build | Farm |
| 22:50 | Build | Farm |
| 22:53 | Create | Villager (Male) |
| 22:54 | Create | Villager (Male) |
| 22:54 | Create | Villager (Male) |
| 22:55 | Create | Villager (Male) |
| 22:55 | Create | Villager (Male) |
| 22:55 | Create | Villager (Male) |
| 22:56 | Create | Villager (Male) |
| 23:06 | Create | Villager (Male) |
| 23:08 | Build | Farm |
| 23:17 | Build | Farm |
| 23:26 | Build | Farm |
| 23:57 | Build | Farm |
| 24:00 | Build | Farm |
| 24:04 | Build | Farm |
| 24:05 | Create | Villager (Male) |
| 24:05 | Create | Villager (Male) |
| 24:08 | Build | Farm |
| 24:11 | Create | Villager (Male) |
| 24:11 | Create | Villager (Male) |
| 24:14 | Build | Farm |
| 24:15 | Research | Heavy Plow |
| 24:20 | Build | Farm |
| 24:25 | Create | Villager (Male) |
| 24:26 | Create | Villager (Male) |
| 24:42 | Build | Castle |
| 24:49 | Build | Farm |
| 24:53 | Build | Farm |
| 24:58 | Create | Villager (Male) |
| 24:58 | Create | Villager (Male) |
| 25:00 | Build | Farm |
Build order — Michael Frederick
First 150 of 195 actions detected
| 0:02 | Create | Villager (Male) |
| 0:02 | Create | Villager (Male) |
| 0:02 | Create | Villager (Male) |
| 0:03 | Create | Villager (Male) |
| 0:03 | Create | Villager (Male) |
| 0:04 | Build | House |
| 0:06 | Build | House |
| 1:49 | Build | Lumber Camp |
| 1:54 | Create | Villager (Male) |
| 1:54 | Create | Villager (Male) |
| 2:16 | Create | Villager (Male) |
| 2:17 | Create | Villager (Male) |
| 2:17 | Create | Villager (Male) |
| 2:54 | Build | House |
| 3:01 | Create | Villager (Male) |
| 3:02 | Create | Villager (Male) |
| 3:02 | Create | Villager (Male) |
| 3:42 | Build | Mill |
| 3:48 | Create | Villager (Male) |
| 3:48 | Create | Villager (Male) |
| 4:26 | Research | Loom |
| 4:28 | Create | Villager (Male) |
| 5:08 | Build | House |
| 5:12 | Create | Villager (Male) |
| 5:12 | Create | Villager (Male) |
| 5:12 | Create | Villager (Male) |
| 5:12 | Create | Villager (Male) |
| 5:59 | Create | Villager (Male) |
| 5:59 | Create | Villager (Male) |
| 5:59 | Create | Villager (Male) |
| 6:51 | Build | Mill |
| 7:28 | Build | Mining Camp |
| 7:36 | Research | Feudal Age |
| 8:35 | Create | Villager (Male) ×4 |
| 8:41 | Build | House |
| 8:48 | Build | House |
| 9:27 | Build | Farm |
| 9:27 | Build | Farm |
| 9:28 | Build | Farm |
| 9:41 | Age | Feudal Age |
| 9:50 | Build | Farm |
| 10:10 | Create | Villager (Male) |
| 10:10 | Create | Villager (Male) |
| 10:10 | Create | Villager (Male) |
| 10:48 | Build | Farm |
| 10:54 | Build | Farm |
| 10:57 | Build | Farm |
| 11:17 | Build | Farm |
| 11:26 | Create | Villager (Male) |
| 11:26 | Create | Villager (Male) |
| 11:50 | Create | Villager (Male) |
| 12:11 | Build | Market |
| 12:32 | Research | Horse Collar |
| 12:40 | Research | Double-Bit Axe |
| 12:55 | Build | House |
| 13:25 | Build | Blacksmith |
| 13:37 | Create | Villager (Male) |
| 13:49 | Create | Villager (Male) |
| 13:58 | Build | House |
| 14:12 | Build | Barracks |
| 14:20 | Research | Castle Age |
| 14:21 | Research | Castle Age |
| 15:07 | Build | Farm |
| 15:07 | Build | Farm |
| 15:08 | Build | Farm |
| 15:09 | Build | Farm |
| 15:23 | Build | Farm |
| 15:24 | Build | Farm |
| 15:24 | Build | Farm |
| 15:25 | Build | Farm |
| 15:28 | Build | Farm |
| 16:33 | Research | Gold Mining |
| 16:48 | Age | Castle Age |
| 17:00 | Build | Town Center |
| 17:05 | Create | Villager (Male) ×5 |
| 17:32 | Research | Bow Saw |
| 17:33 | Research | Heavy Plow |
| 18:17 | Research | Wheelbarrow |
| 18:28 | Create | Villager (Male) |
| 18:28 | Create | Villager (Male) |
| 18:29 | Create | Villager (Male) |
| 18:48 | Build | Town Center |
| 19:18 | Research | Gold Shaft Mining |
| 19:22 | Build | Farm |
| 19:22 | Build | Farm |
| 19:37 | Create | Villager (Male) ×5 |
| 20:22 | Research | Town Watch |
| 20:31 | Create | Villager (Male) ×5 |
| 20:36 | Build | Farm |
| 20:36 | Build | Farm |
| 20:51 | Build | House |
| 20:56 | Build | House |
| 21:04 | Create | Villager (Male) ×5 |
| 21:07 | Build | Farm |
| 21:09 | Build | Farm |
| 21:19 | Build | House |
| 21:30 | Build | House |
| 21:38 | Research | Town Patrol |
| 21:40 | Create | Villager (Male) ×4 |
| 21:46 | Build | Farm |
| 21:47 | Build | Farm |
| 21:48 | Build | Farm |
| 21:53 | Build | Farm |
| 21:54 | Build | Farm |
| 21:59 | Build | Farm |
| 22:33 | Research | Stone Mining |
| 22:52 | Create | Villager (Male) ×5 |
| 23:01 | Build | Farm |
| 23:02 | Build | Farm |
| 23:03 | Build | Farm |
| 23:05 | Build | Farm |
| 23:17 | Create | Villager (Male) ×5 |
| 23:26 | Build | Farm |
| 23:27 | Build | Farm |
| 23:36 | Build | Farm |
| 23:39 | Build | Farm |
| 23:52 | Create | Villager (Male) ×5 |
| 23:53 | Create | Villager (Male) ×5 |
| 24:04 | Build | House |
| 24:10 | Build | House |
| 24:16 | Build | House |
| 24:20 | Build | House |
| 24:25 | Build | House |
| 24:36 | Research | Hand Cart |
| 24:39 | Create | Villager (Male) ×5 |
| 24:53 | Build | Farm |
| 24:53 | Build | Farm |
| 24:54 | Build | Farm |
| 24:55 | Build | Farm |
| 25:01 | Research | Caravan |
| 25:01 | Create | Trade Cart ×2 |
| 25:17 | Research | Stone Shaft Mining |
| 25:23 | Create | Villager (Male) ×5 |
| 25:45 | Build | Farm |
| 25:45 | Build | Farm |
| 25:47 | Build | Farm |
| 26:00 | Build | House |
| 26:02 | Build | House |
| 26:04 | Build | House |
| 26:16 | Build | House |
| 26:18 | Build | House |
| 26:19 | Build | House |
| 26:20 | Build | House |
| 26:26 | Create | Villager (Male) ×5 |
| 26:29 | Create | Trade Cart ×5 |
| 26:59 | Build | University |
| 27:08 | Build | Monastery |
| 27:10 | Build | House |
| 27:18 | Create | Villager (Male) ×5 |
| 28:15 | Create | Villager (Male) ×5 |
Build order — Cruzcerro3
First 150 of 315 actions detected
| 0:13 | Research | Loom |
| 1:12 | Create | Villager (Male) |
| 1:12 | Create | Villager (Male) |
| 1:44 | Create | Villager (Male) |
| 2:10 | Create | Villager (Male) |
| 2:34 | Create | Villager (Male) |
| 2:50 | Create | Villager (Male) |
| 2:51 | Create | Villager (Male) |
| 3:24 | Build | Lumber Camp |
| 3:28 | Build | Lumber Camp |
| 3:35 | Build | House |
| 3:42 | Build | House |
| 3:51 | Create | Villager (Male) |
| 3:52 | Create | Villager (Male) |
| 3:52 | Create | Villager (Male) |
| 4:21 | Create | Villager (Male) |
| 4:21 | Create | Villager (Male) |
| 4:38 | Build | Mill |
| 5:07 | Create | Villager (Male) |
| 5:07 | Create | Villager (Male) |
| 5:07 | Create | Villager (Male) |
| 5:52 | Create | Villager (Male) |
| 5:52 | Create | Villager (Male) |
| 6:09 | Build | House |
| 6:20 | Create | Villager (Male) |
| 6:20 | Create | Villager (Male) |
| 6:48 | Create | Villager (Male) |
| 6:49 | Create | Villager (Male) |
| 6:49 | Create | Villager (Male) |
| 6:49 | Create | Villager (Male) |
| 7:22 | Build | Lumber Camp |
| 7:41 | Build | House |
| 8:14 | Create | Villager (Male) |
| 8:14 | Create | Villager (Male) |
| 8:14 | Create | Villager (Male) |
| 8:15 | Create | Villager (Male) |
| 8:15 | Create | Villager (Male) |
| 9:25 | Create | Villager (Male) |
| 9:49 | Build | Mining Camp |
| 9:58 | Research | Feudal Age |
| 9:59 | Create | Villager (Male) |
| 10:17 | Create | Villager (Male) |
| 10:18 | Create | Villager (Male) |
| 10:18 | Create | Villager (Male) |
| 10:35 | Build | House |
| 10:42 | Build | House |
| 10:49 | Build | Farm |
| 10:50 | Build | Farm |
| 10:51 | Build | Farm |
| 10:51 | Build | Farm |
| 10:53 | Build | Farm |
| 10:53 | Build | Farm |
| 10:55 | Build | Farm |
| 11:01 | Build | Mining Camp |
| 11:29 | Build | Mill |
| 13:07 | Age | Feudal Age |
| 13:15 | Build | Market |
| 13:22 | Build | Blacksmith |
| 13:56 | Create | Villager (Male) |
| 14:36 | Research | Castle Age |
| 15:18 | Create | Villager (Male) ×3 |
| 15:55 | Build | Barracks |
| 17:27 | Age | Castle Age |
| 17:30 | Build | Town Center |
| 17:45 | Build | Monastery |
| 17:57 | Build | University |
| 18:02 | Research | Double-Bit Axe |
| 18:05 | Research | Horse Collar |
| 18:10 | Create | Villager (Male) ×5 |
| 18:39 | Create | Monk |
| 18:39 | Create | Monk |
| 18:52 | Create | Villager (Male) ×5 |
| 19:03 | Build | Archery Range |
| 20:05 | Create | Villager (Male) |
| 20:05 | Create | Villager (Male) |
| 20:06 | Create | Villager (Male) |
| 20:06 | Create | Villager (Male) |
| 20:12 | Build | Farm |
| 20:12 | Build | Farm |
| 20:13 | Build | Farm |
| 20:13 | Build | Farm |
| 20:14 | Build | Farm |
| 20:53 | Build | Farm |
| 21:34 | Build | Castle |
| 21:41 | Create | Spearman ×5 |
| 21:42 | Research | Pikeman (upgrade) |
| 21:42 | Research | Squires |
| 21:51 | Create | Villager (Male) |
| 21:51 | Create | Villager (Male) |
| 21:52 | Create | Villager (Male) |
| 21:52 | Create | Villager (Male) |
| 21:53 | Create | Villager (Male) |
| 21:53 | Create | Villager (Male) |
| 21:54 | Create | Villager (Male) |
| 22:11 | Build | House |
| 22:12 | Build | House |
| 22:14 | Build | House |
| 22:52 | Create | Villager (Male) |
| 22:52 | Create | Villager (Male) |
| 22:53 | Create | Villager (Male) |
| 22:53 | Create | Villager (Male) |
| 22:54 | Create | Villager (Male) |
| 22:54 | Create | Villager (Male) |
| 23:21 | Create | Villager (Male) |
| 23:22 | Create | Villager (Male) |
| 23:31 | Build | Town Center |
| 23:44 | Build | Farm |
| 23:44 | Build | Farm |
| 23:45 | Build | Farm |
| 23:46 | Build | Farm |
| 24:01 | Create | Villager (Male) |
| 24:01 | Create | Villager (Male) |
| 24:02 | Create | Villager (Male) |
| 24:02 | Create | Villager (Male) |
| 24:49 | Build | Siege Workshop |
| 24:59 | Research | Fletching |
| 24:59 | Research | Padded Archer Armor |
| 25:07 | Build | House |
| 25:08 | Build | House |
| 25:08 | Build | House |
| 25:08 | Build | House |
| 25:09 | Build | House |
| 25:09 | Build | House |
| 25:09 | Build | House |
| 25:14 | Create | Chu Ko Nu ×5 |
| 25:25 | Create | Villager (Male) ×5 |
| 25:32 | Create | Villager (Male) |
| 25:33 | Create | Villager (Male) |
| 25:39 | Build | Farm |
| 25:39 | Build | Farm |
| 25:44 | Build | Farm |
| 25:44 | Build | Farm |
| 25:44 | Build | Farm |
| 25:45 | Build | Farm |
| 25:56 | Build | Farm |
| 25:56 | Build | Farm |
| 25:58 | Build | Farm |
| 25:58 | Build | Farm |
| 25:59 | Build | Farm |
| 26:10 | Create | Villager (Male) |
| 26:10 | Create | Villager (Male) |
| 26:11 | Create | Villager (Male) |
| 26:11 | Create | Villager (Male) |
| 26:12 | Create | Villager (Male) |
| 26:12 | Create | Villager (Male) |
| 26:17 | Build | Mining Camp |
| 26:24 | Create | Villager (Male) |
| 26:25 | Create | Villager (Male) |
| 26:25 | Create | Villager (Male) |
| 26:30 | Create | Chu Ko Nu ×5 |
Build order — Misaka Mikoto
First 150 of 218 actions detected
| 0:08 | Build | House |
| 0:13 | Build | House |
| 0:14 | Build | House |
| 0:15 | Build | House |
| 0:17 | Create | Villager (Male) |
| 0:17 | Research | Loom |
| 0:18 | Research | Loom |
| 0:18 | Research | Loom |
| 0:18 | Create | Villager (Male) |
| 0:18 | Create | Villager (Male) |
| 0:19 | Create | Villager (Male) |
| 0:33 | Create | Villager (Male) |
| 0:34 | Create | Villager (Male) |
| 1:31 | Create | Villager (Male) |
| 1:31 | Create | Villager (Male) |
| 2:13 | Build | Lumber Camp |
| 2:21 | Create | Villager (Male) |
| 2:21 | Create | Villager (Male) |
| 2:37 | Create | Villager (Male) |
| 3:05 | Create | Villager (Male) |
| 3:32 | Create | Villager (Male) |
| 4:03 | Create | Villager (Male) |
| 4:03 | Create | Villager (Male) |
| 4:15 | Create | Villager (Male) |
| 4:49 | Create | Villager (Male) |
| 5:00 | Create | Villager (Male) |
| 5:35 | Create | Villager (Male) |
| 5:45 | Build | Mill |
| 6:58 | Build | Mill |
| 7:19 | Research | Feudal Age |
| 8:47 | Build | Mining Camp |
| 8:56 | Build | House |
| 9:11 | Build | House |
| 9:15 | Create | Villager (Male) |
| 9:15 | Create | Villager (Male) |
| 9:16 | Create | Villager (Male) |
| 9:16 | Create | Villager (Male) |
| 9:29 | Age | Feudal Age |
| 10:49 | Build | Blacksmith |
| 11:16 | Create | Villager (Male) |
| 11:45 | Build | Market |
| 12:20 | Create | Villager (Male) |
| 12:49 | Research | Castle Age |
| 12:54 | Research | Horse Collar |
| 12:58 | Build | House |
| 13:25 | Research | Double-Bit Axe |
| 13:31 | Build | House |
| 14:56 | Research | Gold Mining |
| 15:25 | Research | Wheelbarrow |
| 15:25 | Research | Wheelbarrow |
| 15:29 | Age | Castle Age |
| 15:30 | Build | Town Center |
| 15:45 | Build | Farm |
| 15:49 | Create | Villager (Male) |
| 15:50 | Create | Villager (Male) |
| 15:51 | Create | Villager (Male) |
| 16:20 | Build | Farm |
| 16:48 | Build | Farm |
| 16:55 | Create | Villager (Male) |
| 17:05 | Create | Villager (Male) |
| 17:29 | Build | Mining Camp |
| 17:37 | Create | Villager (Male) |
| 17:43 | Build | Farm |
| 17:54 | Create | Villager (Male) |
| 18:08 | Build | Farm |
| 18:20 | Build | Farm |
| 18:21 | Create | Villager (Male) |
| 18:23 | Create | Villager (Male) |
| 18:41 | Research | Heavy Plow |
| 18:59 | Build | Farm |
| 19:06 | Create | Villager (Male) |
| 19:22 | Build | Farm |
| 19:38 | Build | Monastery |
| 19:49 | Build | Farm |
| 19:50 | Create | Villager (Male) |
| 20:01 | Create | Villager (Male) |
| 20:27 | Create | Monk |
| 20:35 | Build | Farm |
| 20:37 | Create | Villager (Male) |
| 20:46 | Research | Fletching |
| 20:46 | Research | Padded Archer Armor |
| 20:52 | Build | House |
| 20:54 | Build | House |
| 21:01 | Create | Villager (Male) |
| 21:05 | Build | Farm |
| 21:46 | Create | Villager (Male) |
| 21:49 | Build | Farm |
| 21:53 | Create | Villager (Male) |
| 21:54 | Create | Villager (Male) |
| 22:09 | Build | Castle |
| 22:20 | Research | Town Watch |
| 22:26 | Create | Villager (Male) |
| 22:29 | Build | Farm |
| 22:32 | Build | Farm |
| 22:46 | Create | Villager (Male) |
| 22:57 | Research | Herbal Medicine |
| 23:04 | Build | House |
| 23:05 | Build | House |
| 23:05 | Build | House |
| 23:05 | Build | House |
| 23:05 | Build | House |
| 23:08 | Build | House |
| 23:08 | Build | House |
| 23:08 | Build | House |
| 23:09 | Build | House |
| 23:22 | Build | Barracks |
| 23:31 | Create | Plumed Archer |
| 23:32 | Create | Plumed Archer |
| 23:34 | Create | Plumed Archer ×3 |
| 23:35 | Create | Plumed Archer ×3 |
| 23:41 | Research | Padded Archer Armor |
| 24:01 | Create | Villager (Male) |
| 24:01 | Create | Villager (Male) |
| 24:02 | Create | Villager (Male) |
| 24:07 | Build | Lumber Camp |
| 24:12 | Create | Villager (Male) |
| 24:12 | Create | Villager (Male) |
| 24:47 | Build | Archery Range |
| 24:51 | Create | Villager (Male) |
| 24:51 | Create | Villager (Male) |
| 25:21 | Build | University |
| 25:49 | Research | Caravan |
| 26:13 | Create | Villager (Male) |
| 26:13 | Create | Villager (Male) |
| 26:19 | Research | Bow Saw |
| 26:37 | Research | Ballistics |
| 26:42 | Create | Monk |
| 27:06 | Research | Hand Cart |
| 28:04 | Research | Thumb Ring |
| 28:07 | Create | Villager (Male) |
| 28:11 | Build | Farm |
| 28:17 | Create | Villager (Male) |
| 28:19 | Build | Farm |
| 28:30 | Create | Villager (Male) |
| 28:32 | Create | Villager (Male) |
| 28:34 | Build | Farm |
| 28:40 | Build | Farm |
| 28:47 | Build | Farm |
| 28:53 | Create | Villager (Male) |
| 29:07 | Create | Plumed Archer ×5 |
| 29:20 | Research | Treadmill Crane |
| 29:46 | Create | Villager (Male) |
| 29:46 | Create | Villager (Male) |
| 30:31 | Create | Trade Cart |
| 30:31 | Create | Trade Cart |
| 30:41 | Build | Castle |
| 30:45 | Build | Mining Camp |
| 31:26 | Research | Imperial Age |
| 32:17 | Build | Archery Range |
| 32:19 | Build | Archery Range |
Build order — dionathasantoss
First 150 of 320 actions detected
| 0:02 | Create | Villager (Male) |
| 0:02 | Create | Villager (Male) |
| 0:02 | Create | Villager (Male) |
| 0:02 | Create | Villager (Male) |
| 0:05 | Build | House |
| 0:09 | Build | House |
| 1:29 | Create | Villager (Male) |
| 1:29 | Create | Villager (Male) |
| 1:47 | Build | Lumber Camp |
| 2:03 | Create | Villager (Male) |
| 2:36 | Create | Villager (Male) |
| 2:36 | Create | Villager (Male) |
| 2:48 | Create | Villager (Male) |
| 2:48 | Create | Villager (Male) |
| 3:20 | Create | Villager (Male) |
| 3:21 | Create | Villager (Male) |
| 3:33 | Build | House |
| 3:52 | Create | Villager (Male) |
| 3:52 | Create | Villager (Male) |
| 4:41 | Create | Villager (Male) |
| 4:41 | Create | Villager (Male) |
| 4:41 | Create | Villager (Male) |
| 5:07 | Create | Villager (Male) |
| 5:07 | Create | Villager (Male) |
| 5:16 | Build | Mill |
| 6:01 | Build | House |
| 6:14 | Create | Villager (Male) |
| 6:58 | Create | Villager (Male) |
| 6:58 | Create | Villager (Male) |
| 8:03 | Create | Villager (Male) |
| 8:08 | Create | Villager (Male) |
| 8:09 | Create | Villager (Male) |
| 8:34 | Build | House |
| 9:03 | Build | Mining Camp |
| 9:19 | Build | Mining Camp |
| 9:43 | Create | Villager (Male) |
| 9:45 | Create | Villager (Male) |
| 9:50 | Create | Villager (Male) |
| 9:53 | Research | Loom |
| 10:26 | Build | Farm |
| 10:29 | Build | Farm |
| 10:29 | Build | Farm |
| 10:29 | Build | Farm |
| 10:50 | Research | Feudal Age |
| 11:59 | Create | Villager (Male) |
| 12:00 | Create | Villager (Male) |
| 13:06 | Build | Farm |
| 13:07 | Build | Farm |
| 13:07 | Build | Farm |
| 13:07 | Build | Farm |
| 13:13 | Build | Farm |
| 13:33 | Age | Feudal Age |
| 13:37 | Research | Horse Collar |
| 13:43 | Research | Double-Bit Axe |
| 14:04 | Build | House |
| 14:27 | Research | Castle Age |
| 16:09 | Create | Villager (Male) |
| 16:09 | Create | Villager (Male) |
| 17:00 | Build | Farm |
| 17:00 | Build | Farm |
| 17:01 | Build | Farm |
| 17:01 | Build | Farm |
| 17:01 | Build | Farm |
| 17:07 | Age | Castle Age |
| 17:33 | Research | Bow Saw |
| 18:46 | Build | Castle |
| 19:12 | Create | Villager (Male) |
| 19:12 | Create | Villager (Male) |
| 19:30 | Build | House |
| 19:45 | Build | Siege Workshop |
| 19:47 | Build | Siege Workshop |
| 19:52 | Build | Siege Workshop |
| 20:10 | Create | Villager (Male) |
| 20:10 | Create | Villager (Male) |
| 20:21 | Build | Mining Camp |
| 20:41 | Build | Mining Camp |
| 21:02 | Create | Villager (Male) |
| 21:28 | Create | Villager (Male) |
| 21:31 | Create | Villager (Male) |
| 21:38 | Build | Town Center |
| 21:57 | Create | Villager (Male) |
| 21:57 | Create | Villager (Male) |
| 23:14 | Create | Villager (Male) |
| 23:14 | Create | Villager (Male) |
| 23:26 | Create | Villager (Male) |
| 23:27 | Create | Villager (Male) |
| 23:38 | Build | Farm |
| 24:10 | Research | Imperial Age |
| 24:13 | Create | Villager (Male) |
| 24:14 | Create | Villager (Male) |
| 24:14 | Create | Villager (Male) |
| 24:33 | Research | Gold Mining |
| 24:37 | Research | Stone Mining |
| 24:43 | Research | Heavy Plow |
| 25:10 | Research | Wheelbarrow |
| 26:10 | Build | Town Center |
| 26:33 | Create | Scorpion ×5 |
| 26:34 | Create | Scorpion ×5 |
| 26:34 | Create | Scorpion |
| 26:57 | Create | Villager (Male) |
| 26:57 | Create | Villager (Male) |
| 26:58 | Create | Villager (Male) |
| 27:20 | Age | Imperial Age |
| 27:38 | Build | Castle |
| 27:43 | Create | Villager (Male) |
| 27:43 | Create | Villager (Male) |
| 27:45 | Create | Villager (Male) |
| 27:49 | Create | Villager (Male) |
| 27:49 | Create | Villager (Male) |
| 27:49 | Create | Villager (Male) |
| 27:49 | Create | Villager (Male) |
| 27:52 | Create | Villager (Male) |
| 27:52 | Create | Villager (Male) |
| 27:52 | Create | Villager (Male) |
| 28:15 | Build | University |
| 28:27 | Build | Farm |
| 29:48 | Research | Ballistics |
| 29:50 | Research | Chemistry |
| 30:05 | Create | Scorpion ×3 |
| 30:05 | Create | Scorpion ×3 |
| 30:12 | Build | Farm |
| 30:12 | Build | Farm |
| 30:13 | Build | Farm |
| 30:13 | Build | Farm |
| 30:17 | Create | Villager (Male) |
| 30:17 | Create | Villager (Male) |
| 30:17 | Create | Villager (Male) |
| 30:26 | Build | Farm |
| 30:27 | Build | Farm |
| 30:27 | Build | Farm |
| 30:27 | Build | Farm |
| 30:33 | Create | Villager (Male) |
| 30:33 | Create | Villager (Male) |
| 30:38 | Build | Lumber Camp |
| 30:49 | Build | Blacksmith |
| 31:09 | Build | Mining Camp |
| 31:30 | Create | Villager (Male) |
| 31:31 | Create | Villager (Male) |
| 31:32 | Create | Villager (Male) |
| 31:34 | Create | Villager (Male) |
| 31:34 | Create | Villager (Male) |
| 31:34 | Create | Villager (Male) |
| 31:58 | Create | Villager (Male) |
| 31:58 | Create | Villager (Male) |
| 31:58 | Create | Villager (Male) |
| 31:59 | Create | Villager (Male) |
| 32:05 | Research | Gold Shaft Mining |
| 32:11 | Research | Crop Rotation |
| 32:21 | Create | Scorpion ×5 |
| 32:21 | Create | Scorpion ×5 |
Match timeline
| 9:29 | Misaka Mikoto · age_up feudal |
| 9:41 | Michael Frederick · age_up feudal |
| 9:56 | Brunoapk · age_up feudal |
| 11:16 | Wurzelsepp · age_up feudal |
| 11:41 | 小岛 · age_up feudal |
| 12:22 | patrick · age_up feudal |
| 13:07 | Cruzcerro3 · age_up feudal |
| 13:33 | dionathasantoss · age_up feudal |
| 13:47 | 小岛 · first_market_buy 100 food |
| 13:51 | 小岛 · first_market_sell 100 wood |
| 14:12 | Michael Frederick · first_building Barracks |
| 15:17 | Wurzelsepp · age_up castle |
| 15:29 | Misaka Mikoto · age_up castle |
| 15:48 | Misaka Mikoto · first_market_buy 100 food |
| 15:55 | Cruzcerro3 · first_building Barracks |
| 16:39 | 小岛 · age_up castle |
| 16:41 | Brunoapk · first_building Barracks |
| 16:45 | 小岛 · first_building Monastery |
| 16:48 | Michael Frederick · age_up castle |
| 16:52 | patrick · age_up castle |
| 17:07 | dionathasantoss · age_up castle |
| 17:22 | Brunoapk · age_up castle |
| 17:27 | Cruzcerro3 · age_up castle |
| 17:45 | Cruzcerro3 · first_building Monastery |
| 17:46 | patrick · first_building Castle |
| 18:06 | patrick · first_market_buy 100 stone |
| 18:07 | Brunoapk · first_market_buy 100 wood |
| 18:32 | 小岛 · first_building Barracks |
| 18:44 | patrick · first_building Monastery |
| 18:46 | dionathasantoss · first_building Castle |
| 19:03 | Cruzcerro3 · first_building Archery Range |
| 19:38 | Misaka Mikoto · first_building Monastery |
| 19:45 | dionathasantoss · first_building Siege Workshop |
| 19:51 | 小岛 · first_building Stable |
| 21:34 | Cruzcerro3 · first_building Castle |
| 21:36 | Wurzelsepp · first_building Castle |
| 21:58 | patrick · first_building Barracks |
| 22:09 | Misaka Mikoto · first_building Castle |
| 22:53 | Brunoapk · first_building Castle |
| 22:56 | Wurzelsepp · first_building Monastery |
| 23:22 | Misaka Mikoto · first_building Barracks |
| 24:47 | Misaka Mikoto · first_building Archery Range |
| 24:49 | Cruzcerro3 · first_building Siege Workshop |
| 25:05 | Brunoapk · wall_segment Stone Wall x8 |
| 25:14 | Brunoapk · wall_segment Stone Wall x7 |
| 25:43 | Brunoapk · first_building Siege Workshop |
| 27:08 | Michael Frederick · first_building Monastery |
| 27:20 | dionathasantoss · age_up imperial |
| 27:55 | 小岛 · first_building Archery Range |
| 28:02 | Misaka Mikoto · first_market_sell 100 wood |
| 28:46 | Michael Frederick · first_building Castle |
| 28:47 | Wurzelsepp · first_building Barracks |
| 28:59 | patrick · first_building Archery Range |
| 29:15 | 小岛 · first_building Siege Workshop |
| 29:22 | patrick · age_up imperial |
| 29:40 | Wurzelsepp · first_building Stable |
| 29:51 | Brunoapk · first_building Monastery |
| 30:41 | 小岛 · age_up imperial |
| 31:20 | Brunoapk · wall_segment Stone Wall x6 |
| 31:21 | Brunoapk · wall_segment Stone Wall x4 |
| 31:41 | Wurzelsepp · age_up imperial |
| 32:06 | Michael Frederick · age_up imperial |
| 33:13 | 小岛 · first_building Castle |
| 33:14 | Brunoapk · age_up imperial |
| 34:35 | Cruzcerro3 · age_up imperial |
| 34:36 | Misaka Mikoto · age_up imperial |
| 34:55 | Wurzelsepp · first_building Siege Workshop |
| 35:35 | patrick · first_market_sell 100 food |
| 35:57 | Michael Frederick · first_market_buy 100 stone |
| 37:32 | Brunoapk · wall_segment Stone Wall x6 |
| 37:34 | Brunoapk · wall_segment Stone Wall x1 |
| 37:41 | Michael Frederick · first_market_sell 500 wood |
| 37:42 | Brunoapk · wall_segment Stone Wall x4 |
| 37:43 | Brunoapk · wall_segment Stone Wall x7 |
| 38:41 | patrick · first_building Stable |
| 40:18 | Wurzelsepp · first_building Archery Range |
| 40:40 | Brunoapk · wall_segment Stone Wall x6 |
| 40:55 | Brunoapk · wall_segment Stone Wall x6 |
| 40:56 | Brunoapk · wall_segment Stone Wall x3 |
| 40:58 | Brunoapk · wall_segment Stone Wall x2 |
| 40:59 | Brunoapk · wall_segment Stone Wall x3 |
| 41:53 | Michael Frederick · wall_segment Stone Wall x1 |
| 42:37 | patrick · first_building Siege Workshop |
| 42:51 | Brunoapk · wall_segment Stone Wall x4 |
| 43:45 | Brunoapk · wall_segment Stone Wall x7 |
| 43:46 | Brunoapk · wall_segment Stone Wall x6 |
| 43:50 | Brunoapk · wall_segment Stone Wall x3 |
| 43:58 | Brunoapk · wall_segment Stone Wall x2 |
| 46:17 | Misaka Mikoto · resign |
| 53:30 | dionathasantoss · tribute_sent a jugador 1 |
| 53:30 | dionathasantoss · tribute_sent a jugador 2 |
| 53:30 | dionathasantoss · tribute_sent a jugador 3 |
| 53:30 | dionathasantoss · tribute_sent a jugador 4 |
| 53:30 | dionathasantoss · tribute_sent a jugador 5 |
| 53:30 | dionathasantoss · tribute_sent a jugador 6 |
| 53:30 | dionathasantoss · tribute_sent a jugador 7 |
| 56:36 | dionathasantoss · tribute_sent a jugador 1 |
| 56:36 | dionathasantoss · tribute_sent a jugador 2 |
| 56:36 | dionathasantoss · tribute_sent a jugador 3 |
| 56:36 | dionathasantoss · tribute_sent a jugador 4 |
| 56:36 | dionathasantoss · tribute_sent a jugador 5 |
| 56:36 | dionathasantoss · tribute_sent a jugador 6 |
| 56:36 | dionathasantoss · tribute_sent a jugador 7 |
| 58:16 | Wurzelsepp · first_market_sell 100 food |
| 58:25 | dionathasantoss · wall_segment Stone Wall x11 |
| 59:53 | dionathasantoss · first_market_buy 100 stone |
[ AI ANALYSIS · 1 CREDIT ]
What really happened in this match?
Wolo.gg analyzes every decision: build order, eco, micro, common mistakes by bracket. Personalized analysis on WhatsApp or Discord in 30 seconds.
Civ guide
Jurchens
Perfil
Jugador #4723487